 Dungeon Crawl Stone Soup version 0.28-a0-1374-ga75cb3825e (webtiles) character file.

Game seed: 4589149780072846331

22 browni3141 the Stinger (level 2, -1/17 HPs)
             Began as an Octopode Venom Mage on Jan 1, 2022.
             Slain by a ball python (3 damage)
             ... on level 1 of the Dungeon.
             The game lasted 00:00:45 (649 turns).

browni3141 the Stinger (Octopode Venom Mage)         Turns: 649, Time: 00:00:46

Health: -1/17      AC:  1    Str:  7    XL:     2   Next: 91%
Magic:  5/5        EV: 13    Int: 17    God:
Gold:   62         SH:  0    Dex: 12    Spells: 2/5 levels left

rFire   . . .      SeeInvis .   (no weapon)
rCold   . . .      Faith    .   (no shield)
rNeg    . . .      Spirit   .   (helmet restricted)
rPois   .          Reflect  .   (no amulet)
rElec   .          Harm     .   (no ring)
rCorr   .          Rampage  .   (no ring)
Will    .....                   (no ring)
Stlth   +++.......              (no ring)
HPRegen 0.05/turn               (no ring)
MPRegen 0.09/turn               (no ring)
                                (no ring)
                                (no ring)

@: no status effects
A: almost no armour, amphibious, 8 rings, camouflage 1, gelatinous body 1,
(nimble swimmer 1), tentacles
a: no special abilities


You were on level 1 of the Dungeon.
You visited 1 branch of the dungeon, and saw 1 of its levels.

You collected 62 gold pieces.

Inventory:

Scrolls
 b - a scroll of fear {unknown}
Potions
 a - a potion of lignification {unknown}


   Skills:
 - Level 2.0 Dodging
 - Level 2.6 Stealth
 + Level 2.1 Spellcasting
 - Level 1.0 Transmutations
 * Level 4.8 Poison Magic


You had 2 spell levels left.
You knew the following spells:

 Your Spells              Type           Power      Damage    Failure   Level
a - Sting                 Tmut/Pois      44%        1d5       6%          1
b - Poisonous Vapours     Pois/Air       18%        N/A       11%         2

Your spell library contained the following spells:

 Spells                   Type           Power      Damage    Failure   Level
 Olgreb's Toxic Radiance  Pois           18%        N/A       26%         4
 Mephitic Cloud           Conj/Pois/Air  7%         N/A       30%         3


Dungeon Overview and Level Annotations

Branches:
Dungeon (1/15)

Altars:


Innate Abilities, Weirdness & Mutations

You cannot wear most types of armour.
You are amphibious.
You can wear up to eight rings at the same time.
Your skin changes colour to match your surroundings (Stealth+).
Your rubbery body absorbs attacks. (AC +1, EV +1)
((You are camouflaged when in or above water. (Stealth+)))
You have tentacles for arms and can constrict up to eight enemies at once.


Message History

There are monsters nearby!
There are monsters nearby!
The ball python bites you. The ball python grabs you.
The ball python constricts you.
You see here 8 gold pieces.
You tentacle-slap the ball python. Your grab misses the ball python.
The ball python is moderately wounded.
The ball python closely misses you. The ball python constricts you.
You tentacle-slap the ball python but do no damage.
Your grab misses the ball python.
The ball python is moderately wounded.
The ball python bites you. The ball python constricts you.
You are too injured to fight recklessly!
You are too injured to fight recklessly!
You are too injured to fight recklessly!
You are too injured to fight recklessly!
You tentacle-slap the ball python. Your grab misses the ball python.
Your squeeze misses the ball python.
The ball python is severely wounded.
The ball python bites you but does no damage.
The ball python constricts you.
You are too injured to fight recklessly!
You escape the ball python's grasp.
The ball python bites you.
* * * LOW HITPOINT WARNING * * *
The ball python barely misses you.
Unknown command.
You closely miss the rat. You grab the rat. You constrict the rat.
The rat bites you.
* * * LOW HITPOINT WARNING * * *
The ball python bites you.
* * * LOW HITPOINT WARNING * * *
The ball python closely misses you.
You completely miss the rat.
The rat is moderately wounded.
You constrict the rat. The ball python bites you.
* * * LOW HITPOINT WARNING * * *
The ball python barely misses you. The rat bites you but does no damage.
Unknown command.
You release your grip on the rat.
The ball python bites you.
You die...

#.#..........#
..........#.##.......#..
..........#.#......#....
......... #.##...#......
........ #.#..#...#.#.#
# #.....###.##..........
#.#.........#...#..#.<.#
#...........##..........
#.....r@...##....#.#.#.#
#......S...###..........
#......$....#.....#....#
#...........##.......#..
#..#........#......#....
#. #.#....#.##..........
..
.....#.##...#.#.#.#.#. .
..#...#....#.##########
#..#...#................


You could see a ball python and a rat.

Vanquished Creatures
  A bat (D:1)
  An endoplasm (D:1)
  2 giant cockroaches (D:1)
  2 goblins (D:1)
  6 jackals (D:1)
  A kobold (D:1)
  3 quokkas (D:1)
  A rat (D:1)
17 creatures vanquished.

Notes
Turn   | Place    | Note
-------+----------+-------------------------------------------
     0 | D:1      | browni3141 the Octopode Venom Mage began the quest for the
                  | Orb.
     0 | D:1      | Reached XP level 1. HP: 11/11 MP: 3/3
    35 | D:1      | Reached skill level 4 in Poison Magic
   176 | D:1      | Reached XP level 2. HP: 17/17 MP: 0/5
   291 | D:1      | Learned a level 2 spell: Poisonous Vapours
   649 | D:1      | Slain by a ball python

Illustrated notes

Levels and vault maps discovered:
D:1:      co_arrival_square_in_a_square_in_a_square, layout_basic, serial_shops,
          nicolae_lakefront_shop

Skill      XL: |  1 |
---------------+----+-----
Poison Magic   | 4 |  4.8
Dodging        | |  2.0
Stealth        | |  2.6
Spellcasting   | |  2.1
Transmutations | |  1.0

Action                   || total
-------------------------++-------
Melee: Unarmed           ||    28
       Tentacles         ||     7
       Constrict         ||     6
 Cast: Sting             ||    12
 Stab: Sleeping          ||     1
Armor: Skin              ||     4
Dodge: Dodged            ||    24

Table legend: (Time is in decaauts)
 A = Elapsed time spent in this place.
 B = Non-inter-level travel time spent in this place.
 C = Inter-level travel time spent in this place.
 D = Time resting spent in this place.
 E = Time spent auto-exploring this place.
 F = Levels seen in this place.
 G = Mean time per level.
                   A        B        C        D        E       F      G
               +--------+--------+--------+--------+--------+-----+--------+
         Total |    649 |    649 |      0 |     97 |    453 |   1 |  649.0 |
       Dungeon |    649 |    649 |      0 |     97 |    453 |   1 |  649.0 |
               +--------+--------+--------+--------+--------+-----+--------+

Top non-repeatable levels by time:
     D:1: 649 daAuts
